 Dungeon Crawl Stone Soup version 0.32-a0-32-g978bd804de (webtiles) character file.

Game seed: 11591051069784976298

234 Gargoyl the Chopper (level 6, -3/39 HPs)
             Began as a Gargoyle Berserker on Jan 20, 2024.
             Was a Believer of Trog.
             Slain by a gnoll
             ... wielding a +0 whip
             ... led by a gnoll bouda
              (7 damage)
             ... on level 5 of the Dungeon.
             The game lasted 00:05:11 (3070 turns).

Gargoyl the Chopper (Gargoyle Berserker)            Turns: 3070, Time: 00:05:12

Health: -3/39      AC: 15    Str: 21    XL:     6   Next: 5%
Magic:  15/15      EV:  7    Int:  7    God:    Trog [**....]
Gold:   234        SH:  0    Dex: 17    Spells: 5/5 levels left

rFire   + . .        a - +0 hand axe
rCold   + . .        (no shield)
rNeg    + . .        k - +0 plate armour
rPois   ∞            (no helmet)
rElec   +            (no cloak)
rCorr   +            (no gloves)
SInv    .            (no boots)
Will    ++...        (no amulet) Stlth
                     f - ring of magical power
HPRegen 1.26/turn    h - +6 ring of dexterity
MPRegen 0.14/turn

%: no passive effects
@: resistant, weakened, strong-willed (expiring), on berserk cooldown,
regenerating (expiring)
A: sickness immunity, AC +4, negative energy resistance 1, electricity
resistance, torment resistance 1, petrification resistance
a: Renounce Religion, Berserk, Trog's Hand


You were on level 5 of the Dungeon.
You worshipped Trog.
Trog was pleased with you.
You visited 1 branch of the dungeon, and saw 5 of its levels.

You collected 234 gold pieces.

Inventory:

Hand Weapons
 a - a +0 hand axe (weapon)
 g - a +0 flail
Missiles
 l - 6 poisoned darts (quivered)
Armour
 b - a +0 chain mail
 k - a +0 plate armour (worn)
Jewellery
 f - a ring of magical power (left hand)
 h - a +6 ring of dexterity (right hand)
 m - an amulet of faith
Wands
 e - a wand of flame (26)
 j - a wand of digging (10)
Scrolls
 d - 2 scrolls of identify
Potions
 i - a potion of magic


   Skills:
 + Level 4.3 Fighting
 + Level 4.9 Axes
 + Level 3.0 Armour
 + Level 2.0 Dodging


You had 5 spell levels left.
You didn't know any spells.
Your spell library was empty.

Dungeon Overview and Level Annotations

Branches:
Dungeon (5/15)
 Temple: D:4-7

Altars:
Okawaru
Vehumet


Innate Abilities, Weirdness & Mutations

You are immune to sickness and miasma.
Your stone body is resilient. (AC +4)
You are immune to poison.
You resist negative energy. (rN+)
You are resistant to electric shocks. (rElec)
You are resistant to unholy torment.
You are immune to petrification.


Message History

* * * LOW HITPOINT WARNING * * *
The gnoll closely misses you.
Unknown command.
You closely miss the gnoll bouda.
The gnoll bouda is moderately wounded.
You hit the gnoll.
The gnoll bouda hits you with a +0 club.
* * * LOW HITPOINT WARNING * * *
The gnoll hits you but does no damage.
Unknown command.
You hit the gnoll bouda.
The gnoll bouda is severely wounded.
You hit the gnoll.
The gnoll bouda utters an invocation to its god.
The gnoll bouda is healed somewhat.
The gnoll barely misses you.
Unknown command.
You hit the gnoll bouda.
The gnoll bouda is heavily wounded.
You hit the gnoll but do no damage.
The gnoll is no longer moving quickly.
The gnoll bouda hits you with a +0 club.
* * * LOW HITPOINT WARNING * * *
The gnoll barely misses you.
Unknown command.
You hit the gnoll bouda but do no damage.
The gnoll bouda is heavily wounded.
You barely miss the gnoll. The gnoll bouda barely misses you.
The gnoll barely misses you.
Unknown command.
Okay, then.
Unknown command.
You hit the gnoll bouda but do no damage.
The gnoll bouda is heavily wounded.
You hit the gnoll but do no damage.
You feel the effects of Trog's Hand fading.
The gnoll bouda gazes fiercely through you!
You feel as though you will be weak longer.
The gnoll bouda hits you with a +0 club.
* * * LOW HITPOINT WARNING * * *
The gnoll hits you with a +0 whip!
You die...

.# .. #
.# .#
##. ..
#.. .#
#.##!#
#.g..#
#@.#
#g.#
#..#
#..#
....
.....
....>
.......


You could see a gnoll bouda and a gnoll.

Vanquished Creatures
  3 orc priests
  A hound (D:4)
  2 gnolls
  3 adders
  3 ribbon worms
  4 orcs
  8 ball pythons
  A bat (D:2)
  3 endoplasms
  A giant cockroach (D:1)
  8 goblins
  5 hobgoblins
  2 jackals (D:2)
  10 kobolds
  2 quokkas
  3 frilled lizards
  9 rats
68 creatures vanquished.

Notes
Turn   | Place    | Note
-------+----------+-------------------------------------------
     0 | D:1      | Gargoyl the Gargoyle Berserker began the quest for the Orb.
     0 | D:1      | Reached XP level 1. HP: 14/14 MP: 1/1
   135 | D:1      | Reached XP level 2. HP: 19/19 MP: 2/2
   679 | D:1      | Reached XP level 3. HP: 24/24 MP: 3/3
  1736 | D:2      | Found an iron altar of Okawaru.
  1775 | D:2      | Reached ** piety under Trog
  1820 | D:2      | Reached XP level 4. HP: 25/29 MP: 4/4
  1845 | D:2      | Identified the +0 leather armour of the Watermelon {rN+
                  | Stlth+}
  2363 | D:3      | Reached XP level 5. HP: 32/33 MP: 5/5
  2395 | D:3      | Found a radiant altar of Vehumet.
  3024 | D:4      | Reached XP level 6. HP: 34/38 MP: 6/6
  3055 | D:5      | Entered Level 5 of the Dungeon
  3070 | D:5      | Slain by a gnoll

Illustrated notes

Levels and vault maps discovered:
D:1:      dpeg_arrival_simpleton_b, layout_basic, minmay_statues_item
D:2:      layout_basic, basic_altar
D:3:      layout_loops_ring, mainiacjoe_overflow_boulevard
D:4:      layout_rooms
D:5:      layout_rooms, uniq_crazy_yiuf_cottage, uniq_menkaure

Skill      XL: |  1  2  3  4  5  6 |
---------------+-------------------+-----
Axes           | 3 4 |  4.9
Fighting       | 4 |  4.3
Dodging        | 2 |  2.0
Armour         | 3 |  3.0

Action                     |  1- 3 |  4- 6 || total
---------------------------+-------+-------++-------
  Melee: Hand axe          |   102 |   154 ||   256
         Punch             |     1 |     1 ||     2
 Invoke: Berserk           |     2 |     3 ||     5
         Trog's Hand       |       |     4 ||     4
    Use: Potion            |       |     5 ||     5
         Scroll            |       |     3 ||     3
 Armour: Animal skin       |    46 |       ||    46
         Chain mail        |    31 |    81 ||   112
         Ring mail         |     1 |       ||     1
         Plate armour      |       |    67 ||    67
  Dodge: Dodged            |    79 |    72 ||   151

Table legend: (Time is in decaauts)
 A = Elapsed time spent in this place.
 B = Non-inter-level travel time spent in this place.
 C = Inter-level travel time spent in this place.
 D = Time resting spent in this place.
 E = Time spent auto-exploring this place.
 F = Levels seen in this place.
 G = Mean time per level.
                   A        B        C        D        E       F      G
               +--------+--------+--------+--------+--------+-----+--------+
         Total |   3138 |   2984 |    154 |      0 |   2165 |   5 |  627.6 |
       Dungeon |   3138 |   2984 |    154 |      0 |   2165 |   5 |  627.6 |
               +--------+--------+--------+--------+--------+-----+--------+

Top non-repeatable levels by time:
     D:2: 1155 daAuts
     D:1: 978 daAuts
     D:3: 832 daAuts
     D:4: 152 daAuts
     D:5: 19 daAuts
